 Dungeon Crawl Stone Soup version 0.28-a0-1206-g193881aaa2 (webtiles) character file.

Game seed: 16675950405266591442

52 leviel the Skirmisher (level 3, 0/33 HPs)
             Began as a Hill Orc Fighter on Dec 20, 2021.
             Slain by a gnoll (4 damage)
             ... on level 2 of the Dungeon.
             The game lasted 00:01:31 (2099 turns).

leviel the Skirmisher (Hill Orc Fighter)            Turns: 2099, Time: 00:01:31

Health: 0/33       AC:  7    Str: 20    XL:     3   Next: 85%
Magic:  3/3        EV:  9    Int:  8    God:
Gold:   89         SH:  4    Dex: 10    Spells: 2/2 levels left

rFire   + . .      SeeInvis .   a - +0 war axe
rCold   . . .      Faith    .   c - +0 buckler
rNeg    . . .      Spirit   .   b - +0 scale mail
rPois   .          Reflect  .   (no helmet)
rElec   .          Harm     .   f - scarf {shadows}
rCorr   .          Rampage  .   (no gloves)
Will    .....                   (no boots)
Stlth   ..........              (no amulet)
HPRegen 0.11/turn               g - ring of protection from fire
MPRegen 0.08/turn               (no ring)

@: no status effects
A: no striking features
a: no special abilities


You were on level 2 of the Dungeon.
You visited 1 branch of the dungeon, and saw 2 of its levels.

You collected 89 gold pieces.

Inventory:

Hand Weapons
 a - a +0 war axe (weapon)
Missiles
 h - 31 poisoned darts (quivered)
Armour
 b - a +0 scale mail (worn)
 c - a +0 buckler (worn)
 f - a scarf of shadows (worn)
Jewellery
 g - a ring of protection from fire (left hand)
Potions
 d - a potion of might
 e - a potion of invisibility {unknown}
 i - a potion of haste {unknown}


   Skills:
 + Level 4.2 Fighting
 + Level 3.4 Axes
 + Level 3.8 Armour
 + Level 3.8 Shields


You had 2 spell levels left.
You didn't know any spells.
Your spell library contained the following spells:

 Spells                   Type           Power      Damage    Failure   Level
 Shock                    Conj/Air       0%         1d3       77%         1
 Portal Projectile        Hex/Tloc       0%         N/A       98%         3
 Swiftness                Air            0%         N/A       98%         3
 Airstrike                Air            0%         N/A       100%        4
 Blade Hands              Tmut           0%         N/A       100%        5
 Excruciating Wounds      Necr           0%         N/A       100%        5


Dungeon Overview and Level Annotations

Branches:
Dungeon (2/15)

Altars:

Shops:
D:1 *


Message History

You are too injured to fight recklessly!
You are too injured to fight recklessly!
You are too injured to fight recklessly!
You are too injured to fight recklessly!
You are too injured to fight recklessly!
You are too injured to fight recklessly!
You are too injured to fight recklessly!
You are too injured to fight recklessly!
You are too injured to fight recklessly!
You barely miss the hobgoblin.
The hobgoblin is heavily wounded.
The gnoll closely misses you. The hobgoblin closely misses you.
You barely miss the hobgoblin.
The hobgoblin is heavily wounded.
The gnoll closely misses you.
The hobgoblin hits you but does no damage.
The gnoll hits you but does no damage. The hobgoblin misses you.
You closely miss the hobgoblin.
The hobgoblin is heavily wounded.
The gnoll barely misses you. The hobgoblin barely misses you.
You hit the hobgoblin.
You kill the hobgoblin!
An endoplasm comes into view.
The gnoll barely misses you.
You slash the endoplasm!
You kill the endoplasm!
You block the gnoll's attack.
The gnoll hits you from afar with a +0 spear.
The gnoll barely misses you.
You see here a hobgoblin corpse.
You barely miss the gnoll. The gnoll hits you but does no damage.
You closely miss the gnoll. The gnoll hits you with a +0 spear!
You hit the gnoll.
The gnoll is heavily wounded.
The gnoll hits you with a +0 spear. The gnoll hits you with a +0 spear!
* * * LOW HITPOINT WARNING * * *
You hit the gnoll but do no damage.
The gnoll is heavily wounded.
The gnoll hits you with a +0 spear.
You die...

.#†# #.# #..#...#
.#.# #.# ##.#...#
.#.# #.# #.....#
...############.#
#########....#
##..............#
#............#
.#.########..####
#.#######...##
.#.# ##.######.#
##..... .#.#
#...#.#.#.#
#..### .#)#
#..#..#@##.#
..... .#.#
#..###..#g#.#
..... .#.# #..#
##..##.#.# #.#
#.>.. .#.# #..#
##..#.#.# #.#
.#.# #.# #.#.#.#
#.# .#.# #.
.#.#.# #.# .#.#
#.#.# #.# .#.#
#.#.# #.# ...#
#.#'###.##


You could see a gnoll.

Vanquished Creatures
  2 adders (D:2)
  A worm (D:2)
  3 bats (D:1)
  3 endoplasms
  3 giant cockroaches
  3 goblins
  4 hobgoblins
  2 kobolds (D:1)
  A quokka (D:1)
  2 ball pythons
  3 frilled lizards (D:1)
  2 rats
29 creatures vanquished.

Notes
Turn   | Place    | Note
-------+----------+-------------------------------------------
     0 | D:1      | leviel the Hill Orc Fighter began the quest for the Orb.
     0 | D:1      | Reached XP level 1. HP: 19/19 MP: 1/1
    56 | D:1      | Found Wouna's General Store.
   109 | D:1      | Reached XP level 2. HP: 27/27 MP: 2/2
   394 | D:1      | Found a faded altar of an unknown god.
   662 | D:1      | Reached skill level 4 in Fighting
   849 | D:2      | Reached XP level 3. HP: 33/33 MP: 3/3
  2099 | D:2      | Slain by a gnoll

Illustrated notes

Levels and vault maps discovered:
D:1:      lemuel_arrival_behind_the_door_small, layout_basic, serial_shops,
          nicolae_shop_advertising_works [nicolae_subvault_shop_adworks],
          basic_ecumenical_altar
D:2:      minmay_diamond_boxcup, layout_basic, hex_intersection

Skill      XL: |  1  2 |
---------------+-------+-----
Axes           | 3 |  3.4
Fighting       | 4 |  4.2
Armour         | |  3.8
Shields        | |  3.8

Action                   || total
-------------------------++-------
Melee: War axe           ||   104
  Use: Scroll            ||     3
Armor: Scale mail        ||    60
Dodge: Dodged            ||    49
Block: Buckler           ||    18

Table legend: (Time is in decaauts)
 A = Elapsed time spent in this place.
 B = Non-inter-level travel time spent in this place.
 C = Inter-level travel time spent in this place.
 D = Time resting spent in this place.
 E = Time spent auto-exploring this place.
 F = Levels seen in this place.
 G = Mean time per level.
                   A        B        C        D        E       F      G
               +--------+--------+--------+--------+--------+-----+--------+
         Total |   2134 |   2110 |     24 |    712 |   1139 |   2 | 1067.0 |
       Dungeon |   2134 |   2110 |     24 |    712 |   1139 |   2 | 1067.0 |
               +--------+--------+--------+--------+--------+-----+--------+

Top non-repeatable levels by time:
     D:2: 1271 daAuts
     D:1: 862 daAuts
